zfc, chaotic male orcish Barbarian --- |@- |aa| ... ........ --.-- ..%) ..!./.... .....- --- .....)............ ---.... |.|.............. --... |^.............. |...- -.[.......... -.-- ---[..---. ..-------------... ..........%).%.... ---------------. zfc the Bandit Experience level: 6 Strength: 18/02 Dexterity: 16 Constitution: 18 Intelligence: 8 Wisdom: 7 Charisma: 6 Health: 0(59) Energy: 11(11) Def: 7 Gold: 287 Moves: 2100 Dungeon seed: _2KrXojD3W8N6PJu Game ID: zfc_1545084841 Your Inventory: Coins $ - 287 gold pieces Weapons a - an uncursed +0 two-handed sword (weapon in hands) b - an uncursed +0 axe (alternate weapon; not wielded) i - an uncursed +0 orcish dagger (in quiver) Armor e - an uncursed +0 orcish helm n - an uncursed +0 plate mail (being worn) q - an uncursed +0 pair of jumping boots r - a blessed +0 dwarvish cloak y - an uncursed +0 pair of iron shoes z - an uncursed +0 dwarvish cloak Comestibles d - an uncursed fortune cookie f - an uncursed tin of lichen Scrolls g - 2 uncursed scrolls of teleportation h - an uncursed scroll of amnesia l - 2 uncursed scrolls of blank paper m - a cursed scroll of blank paper t - a cursed scroll of teleportation Potions j - an uncursed potion of blindness s - an uncursed potion of healing Tools k - an uncursed partly used wax candle (0:15) o - 2 uncursed tallow candles (0:200) p - a blessed brass lantern (0:1480) Spells and supernatural/magical abilities: Name Level Category Fail Memory W - pray for help -- divine ? -- Your skills at the end: Fighting Skills bare handed combat [Basic] Weapon Skills axe [Basic] two-handed sword [Basic] Spellcasting Skills Final Attributes: You had transgressed. You were poison resistant. You had infravision. You were lucky. You are dead. Vanquished creatures: a dingo 7 Uruk-hai an orc shaman 5 gnome lords a gnomish wizard a paper golem 3 dwarves a hobbit a hobgoblin a yellow mold 14 gnomes 4 garter snakes 2 geckos 5 jackals a goblin 2 grid bugs a bat 4 lichens 2 kobold zombies a newt 58 creatures vanquished. Voluntary challenges: You had been an atheist until turn 2100. You used a wielded weapon 78 times, starting on turn 156. You read items or engraved 1 time, starting on turn 342. You never genocided any monsters. You never polymorphed an object. You never changed form. You used no wishes. You never split a pudding. You never wrote Elbereth's name. You violated your moral code, losing 118 points of alignment, starting on turn 1185. Dungeon overview: The Dungeons of Doom: levels 1 to 4 Level 1 a long staircase Level 2 Level 3 Level 4 stairs to The Gnomish Mines The Gnomish Mines: levels 5 to 6 Level 5 stairs to The Dungeons of Doom Level 6 <- You were here History has recorded: On T:1 you entered the Dungeons of Doom to retrieve the Amulet of Yendor! On T:395 you reached level 2 of The Dungeons of Doom. On T:733 you advanced to experience level 2. On T:804 you reached level 3 of The Dungeons of Doom. On T:1224 you reached level 4 of The Dungeons of Doom. On T:1384 you reached level 1 of The Gnomish Mines. On T:1386 you advanced to experience level 3. On T:1399 you advanced to experience level 4. On T:1522 you advanced to experience level 5. On T:2006 you advanced to experience level 6. On T:2010 you reached level 2 of The Gnomish Mines. Score breakdown: Gold: 287 ( 8366 points) Experience: 6 levels (12456 points) Exploration: 6 levels ( 12.77%) ( 9890 points) Discoveries: 2 items ( 0.81%) ( 2705 points) Valuables value: (no points given unless you survive) Artifact value: 0 ( 0 points) Variety of kills: 20 monsters ( 5.25%) ( 6873 points) Turncount: 2100 turns ( -73 points) Survival: died (score multiplied by 80%) Total score: 32173 Latest messages: You kill the gnome! There are a few objects here. The gnome lord hits! You smite the gnome lord! You smite the gnome lord. The gnome lord hits! You kill the gnome lord! There are a few objects here. You stop exploring. Please move the cursor to an unknown object. Never mind. You smite the fire ant! The fire ant turns to flee! You smite the fire ant! The fire ant bites! (2x) The fire ant just misses! The fire ant bites! You miss the fire ant. The fire ant bites! (2x) You miss the fire ant. The fire ant bites! (4x) You begin praying to Set. The fire ant bites! You die... Final status: Goodbye zfc the Barbarian, killed by a fire ant, while praying... You died in The Gnomish Mines on dungeon level 6 with 32173 points, and 287 pieces of gold, after 2100 moves. You were level 6 with a maximum of 59 hit points when you died.